 Dungeon Crawl Stone Soup version 0.28-a0-863-g8cecda6153 (webtiles) character file.

Game seed: 9638829411252382233

33 vineage the Skirmisher (level 3, 0/29 HPs)
             Began as a Demonspawn Gladiator on Nov 19, 2021.
             Slain by Robin (3 damage)
             ... on level 2 of the Dungeon.
             The game lasted 00:01:23 (1343 turns).

vineage the Skirmisher (Demonspawn Gladiator)       Turns: 1343, Time: 00:01:24

Health: 0/29       AC:  5    Str: 15    XL:     3   Next: 12%
Magic:  3/3        EV: 12    Int:  9    God:
Gold:   52         SH:  0    Dex: 14    Spells: 2/2 levels left

rFire   . . .      SeeInvis .   a - +0 war axe
rCold   . . .      Faith    .   (no shield)
rNeg    . . .      Spirit   .   b - +0 leather armour
rPois   .          Reflect  .   c - +0 helmet
rElec   .          Harm     .   (no cloak)
rCorr   .          Rampage  .   g - +0 pair of gloves
Will    .....                   (no boots)
Stlth   +.........              (no amulet)
HPRegen 0.09/turn               (no ring)
MPRegen 0.08/turn               (no ring)

@: no status effects
A: weakness stinger 1
a: no special abilities


You were on level 2 of the Dungeon.
You visited 1 branch of the dungeon, and saw 2 of its levels.

You collected 52 gold pieces.

Inventory:

Hand Weapons
 a - a +0 war axe (weapon)
Missiles
 d - 3 throwing nets (quivered)
Armour
 b - a +0 leather armour (worn)
 c - a +0 helmet (worn)
 g - a +0 pair of gloves (worn)
Scrolls
 e - a scroll of enchant armour
 f - a scroll of teleportation {unknown}


   Skills:
 * Level 3.2 Fighting
 - Level 2.6 Axes
 - Level 1.7 Throwing
 + Level 1.2 Armour
 - Level 2.6 Dodging


You had 2 spell levels left.
You didn't know any spells.
Your spell library contained the following spells:

 Spells                   Type           Power      Damage    Failure   Level
 Slow                     Hex            0%         N/A       45%         1
 Confusing Touch          Hex            0%         N/A       83%         3
 Vampiric Draining        Necr           0%         2d6       83%         3


Dungeon Overview and Level Annotations

Branches:
Dungeon (2/15)

Altars:

Shops:
D:1 *

Annotations:
D:2 Robin


Innate Abilities, Weirdness & Mutations

You have a small tail.


Message History

Robin roars a battlecry!
The goblins go into a battle-frenzy!
The hobgoblin misses you.
You slash the goblin!
You kill the goblin!
You closely miss the hobgoblin. Robin throws the goblin at you!
A goblin comes into view. It is wielding a +0 club.
The hobgoblin hits you.
The goblin shouts!
You slash the hobgoblin!
You kill the hobgoblin!
You hear a shout!
Robin roars a battlecry!
You hear a shout!
You barely miss the goblin. You tail-slap the goblin.
The goblin is moderately wounded.
The goblin closely misses you. Robin barely misses you.
The goblin barely misses you.
You hit the goblin.
You kill the goblin!
Robin hits you from afar with a +2 vorpal spear.
You are too injured to fight recklessly!
You are too injured to fight recklessly!
A goblin comes into view. It is wielding a +0 dagger.
Robin hits you with a +2 vorpal spear!
* * * LOW HITPOINT WARNING * * *
x2
Items here: )) ††.
You barely miss Robin. Robin throws the goblin at you!
* * * LOW HITPOINT WARNING * * *
The goblin closely misses you. Robin closely misses you.
You aren't carrying any potions.
You barely miss Robin. You hit the goblin.
You kill the goblin!
Robin closely misses you.
You slash Robin!
Robin is severely wounded.
A goblin comes into view. It is wielding a +0 club.
Robin's horned helmet rattles.
Robin hits you with a +2 vorpal spear.
You die...

##'## #.# #.#
##.#########
##...#.g....#
#......#
##...#)#
##.##)#
#.##@#
........g.#
.###.##.###
#.##.. #. ###


You could see Robin and a goblin.

Vanquished Creatures
  4 endoplasms (D:1)
  8 goblins
  A hobgoblin (D:2)
  5 kobolds (D:1)
  3 quokkas (D:1)
  3 ball pythons (D:1)
  2 bats (D:1)
  3 frilled lizards (D:1)
  4 rats (D:1)
33 creatures vanquished.

Notes
Turn   | Place    | Note
-------+----------+-------------------------------------------
     0 | D:1      | vineage the Demonspawn Gladiator began the quest for the
                  | Orb.
     0 | D:1      | Reached XP level 1. HP: 16/16 MP: 1/1
   118 | D:1      | Found a faded altar of an unknown god.
   167 | D:1      | Gained mutation: You have a small tail. [demonic ancestry]
   167 | D:1      | Reached XP level 2. HP: 15/23 MP: 2/2
   649 | D:1      | Reached skill level 1 in Armour
   956 | D:1      | Reached skill level 3 in Fighting
   973 | D:1      | Found Debasaipp's General Store.
  1331 | D:2      | Noticed Robin
  1332 | D:2      | Reached XP level 3. HP: 28/29 MP: 3/3
  1343 | D:2      | Slain by Robin

Illustrated notes

Levels and vault maps discovered:
D:1:      dpeg_arrival_line_fractal, layout_basic, serial_shops, shop_fountains,
          shapermc_ecumenical_altar_starsandcircs
D:2:      layout_loops_corners, uniq_robin, uniq_crazy_yiuf_cottage

Skill      XL: |  1  2 |
---------------+-------+-----
Armour         | 1 |  1.2
Fighting       | 3 |  3.2
Axes           | |  2.6
Throwing       | |  1.7
Dodging        | |  2.6

Action                   || total
-------------------------++-------
Melee: War axe           ||    70
       Tailslap          ||     4
  Use: Scroll            ||     1
Armor: Leather armour    ||    14
Dodge: Dodged            ||    60

Table legend: (Time is in decaauts)
 A = Elapsed time spent in this place.
 B = Non-inter-level travel time spent in this place.
 C = Inter-level travel time spent in this place.
 D = Time resting spent in this place.
 E = Time spent auto-exploring this place.
 F = Levels seen in this place.
 G = Mean time per level.
                   A        B        C        D        E       F      G
               +--------+--------+--------+--------+--------+-----+--------+
         Total |   1369 |   1316 |     53 |      0 |   1131 |   2 |  684.5 |
       Dungeon |   1369 |   1316 |     53 |      0 |   1131 |   2 |  684.5 |
               +--------+--------+--------+--------+--------+-----+--------+

Top non-repeatable levels by time:
     D:1: 1337 daAuts
     D:2: 32 daAuts
